 Dungeon Crawl Stone Soup version 0.31-a0-1074-g0b22e4e0f1 (webtiles) character file.

Game seed: 9958146755581583043

1827 bmb222 the Carver (level 8, -6/61 HPs)
             Began as a Demonspawn Fighter on Nov 27, 2023.
             Was a Follower of Okawaru.
             Mangled by a chaos spawn (14 damage)
             ... on level 8 of the Dungeon.
             The game lasted 00:08:28 (6379 turns).

bmb222 the Carver (Demonspawn Fighter)              Turns: 6379, Time: 00:08:29

Health: -6/61      AC: 28    Str: 19    XL:     8   Next: 86%
Magic:  8/8        EV: 14    Int:  9    God:    Okawaru [*.....]
Gold:   168        SH: 11    Dex: 13    Spells: 7/7 levels left

rFire   + . .        O - +0 falchion (drain)
rCold   . . .        M - +2 buckler {rF+}
rNeg    . . .        s - +4 scale mail {Will+}
rPois   +            p - +5 helmet of Generosity {rPois}
rElec   .            (no cloak)
rCorr   .            L - +0 pair of gloves
SInv    .            (no boots)
Will    ++...        (no amulet) Stlth
                     q - +5 ring of evasion
HPRegen 0.30/turn    N - ring of willpower
MPRegen 0.11/turn

%: no passive effects
@: mighty
A: claws 1, thin metallic scales 1, icemail 2, condensation shield, demonic
magic 2
a: Renounce Religion, Heroism


You were on level 8 of the Dungeon.
You worshipped Okawaru.
Okawaru was aware of your devotion.
You visited 2 branches of the dungeon, and saw 9 of its levels.
You also visited: Sewer.

You collected 370 gold pieces.
You spent 202 gold pieces at shops.

Inventory:

Hand Weapons
 a - a +0 long sword
 O - a +0 falchion of draining (weapon)
Missiles
 w - a throwing net
Armour
 b - a +0 scale mail
 c - a +0 buckler
 k - a +0 chain mail
 p - the +5 helmet of Generosity (worn) {rPois}
   (You took it off Robin on level 2 of the Dungeon)

   rPois:     It protects you from poison
 r - a +0 pair of gloves
 s - a +4 scale mail of willpower (worn)
 L - a +0 pair of gloves (worn)
 M - a +2 buckler of fire resistance (worn)
Jewellery
 q - a +5 ring of evasion (left hand)
 A - a ring of see invisible
 J - a ring of magical power
 N - a ring of willpower (right hand)
Wands
 y - a wand of charming (7)
 K - a wand of roots (9)
Scrolls
 e - a scroll of torment {unknown}
 f - 8 scrolls of identify {unknown}
 h - a scroll of brand weapon {unknown}
 j - a scroll of enchant weapon {unknown}
 m - 2 scrolls of amnesia {unknown}
 n - a scroll of blinking {unknown}
 o - a scroll of vulnerability {unknown}
 u - a scroll of noise {unknown}
 v - 2 scrolls of immolation {unknown}
 x - 2 scrolls of fear {unknown}
 B - a scroll of enchant armour {unknown}
 E - a scroll of fog {unknown}
 G - a scroll of revelation {unknown}
 H - a scroll of teleportation {unknown}
Potions
 d - a potion of might
 g - 2 potions of mutation {unknown}
 i - a potion of cancellation {unknown}
 l - 5 potions of haste {unknown}
 t - a potion of curing {unknown}
 z - a potion of resistance {unknown}
 C - 2 potions of degeneration {unknown}
 D - 2 potions of brilliance {unknown}
 F - a potion of attraction {unknown}
 I - 2 potions of invisibility {unknown}


   Skills:
 + Level 4.5 Fighting
 * Level 8.4 Long Blades
 + Level 4.2 Armour
 + Level 5.3 Shields


You had 7 spell levels left.
You didn't know any spells.
Your spell library contained the following spells:

 Spells                   Type           Power      Damage    Failure   Level
 Freeze                   Ice            0%         1d3       82%         1
 Magic Dart               Conj           0%         1d3       82%         1
 Dazzling Flash           Conj/Hex       0%         N/A       99%         3
 Frozen Ramparts          Ice            0%         1d1       99%         3
 Hailstorm                Conj/Ice       0%         3d3       99%         3
 Mephitic Cloud           Conj/Pois/Air  0%         N/A       99%         3
 Volatile Blastmotes      Fire/Tloc      0%         2d10      99%         3
 Fulminant Prism          Conj/Hex       0%         3d5       100%        4
 Iskenderun's Mystic Bla  Conj/Tloc      0%         2d3       100%        4
 Agony                    Necr           0%         N/A       100%        5
 Silence                  Hex/Air        0%         N/A       100%        5
 Call Imp                 Summ           Unusable   N/A       N/A         2

Dungeon Overview and Level Annotations

Branches:
Dungeon (8/15)             Temple (1/1) D:6           Sewer (visited)
   Lair: D:8-11

Altars:
Cheibriados
Dithmenos
Fedhas
Gozag
Hepliaklqana
Kikubaaqudgha
Makhleb
Nemelex Xobeh
Okawaru
Qazlal
Ru
Trog
Uskayaw
Vehumet
Xom
Yredelemnul

Shops:
D:7 *


Innate Abilities, Weirdness & Mutations

You have sharp fingernails.
You are partially covered in thin metallic scales. (AC +2)
A meltable icy envelope protects you from harm. (AC +8)
A meltable shield of frost defends you. (SH +4)
Spells you cast may paralyse nearby enemies.


Message History

The chaos spawn misses you. The chaos spawn hits you!
The chaos spawn shocks you!
You miss the chaos spawn.
The chaos spawn is lightly wounded.
You block the chaos spawn's attack.
The chaos spawn gores you but does no damage.
You hit the chaos spawn but do no damage.
The chaos spawn is lightly wounded.
The chaos spawn closely misses you. The chaos spawn barely misses you.
You hit the chaos spawn.
The chaos spawn is moderately wounded.
The chaos spawn barely misses you. The chaos spawn hits you.
You hit the chaos spawn but do no damage.
The chaos spawn is moderately wounded.
You block the chaos spawn's attack.
The chaos spawn hits you but does no damage.
You feel very mighty all of a sudden. The chaos spawn hits you.
You resist with almost no effort. You block the chaos spawn's attack.
You hit the chaos spawn but do no damage.
The chaos spawn is moderately wounded.
The chaos spawn closely misses you.
The chaos spawn gores you but does no damage.
You slash the chaos spawn!
The chaos spawn is heavily wounded.
You block the chaos spawn's attack. x2
You completely miss the chaos spawn.
The chaos spawn is heavily wounded.
You block the chaos spawn's attack. x2
You hit the chaos spawn.
The chaos spawn is severely wounded.
The chaos spawn gores you. The chaos spawn shocks you!
* * * LOW HITPOINT WARNING * * *
The chaos spawn hits you but does no damage.
You closely miss the chaos spawn.
The chaos spawn is severely wounded.
The chaos spawn gores you.
* * * LOW HITPOINT WARNING * * *
The chaos spawn freezes you!
You die...

...........#####
<........### #
......##+### # .#
......##.#### # ...
......##....# # ....
.....##....######
.....
........[..[....
#....###
#.....########
#.4@###............#
#.#4..#......#####.#
..
###...##.........#
... ###.####........
... #.##..........
#. ..##.#.#...... "
#...(.......##
#...........#
#...........#


You could see 2 chaos spawn.

Vanquished Creatures
  Grinder (D:6)
  Pargi (Sewer)
  An ice beast (D:6)
  An orc warrior (D:5)
  A sky beast (D:6)
  2 black bears (D:7)
  A phantom (D:5)
  A gnoll sergeant (D:6)
  A bullfrog (D:6)
  3 scorpions
  A howler monkey (D:6)
  An electric eel (D:7)
  2 orc priests
  3 hounds
  A jelly (D:5)
  Jessica (D:3)
  2 iguanas (D:6)
  5 orc wizards
  Terence (D:3)
  Robin (D:2)
  8 gnolls
  3 adders
  A shadow imp (D:8)
  2 white imps
  2 ufetubi (D:5)
  A worm (D:6)
  2 dart slugs
  10 orcs
  10 endoplasms
  3 giant cockroaches
  14 goblins
  12 hobgoblins
  6 jackals
  2 quokkas
  7 ball pythons
  6 bats
  3 frilled lizards
  8 kobolds
  2 rats (D:3)
133 creatures vanquished.

Notes
Turn   | Place    | Note
-------+----------+-------------------------------------------
     0 | D:1      | bmb222 the Demonspawn Fighter began the quest for the Orb.
     0 | D:1      | Reached XP level 1. HP: 18/18 MP: 1/1
   256 | D:1      | Reached skill level 2 in Long Blades
   256 | D:1      | Gained mutation: A meltable shield of frost defends you.
                  | (SH +4) [demonic ancestry]
   256 | D:1      | Reached XP level 2. HP: 24/24 MP: 2/2
   988 | D:2      | Gained mutation: Spells you cast may paralyse adjacent
                  | enemies. [demonic ancestry]
   988 | D:2      | Reached XP level 3. HP: 26/29 MP: 3/3
  1065 | D:2      | Found a shimmering altar of Xom.
  1845 | D:2      | Found a faded altar of an unknown god.
  1920 | D:3      | Noticed Jessica
  1953 | D:3      | Killed Jessica
  1954 | D:3      | Reached skill level 3 in Long Blades
  1954 | D:3      | Gained mutation: A meltable icy envelope protects you from
                  | harm. (AC +8) [demonic ancestry]
  1954 | D:3      | Reached XP level 4. HP: 31/35 MP: 4/4
  2157 | D:3      | Identified the +5 helmet of Generosity {rPois}
  2157 | D:3      | Noticed Robin
  2278 | D:2      | Killed Robin
  2441 | D:3      | Noticed Terence
  2464 | D:3      | Killed Terence
  2465 | D:3      | Gained mutation: Spells you cast may paralyse nearby
                  | enemies. [demonic ancestry]
  2465 | D:3      | Reached XP level 5. HP: 38/41 MP: 5/5
  2614 | D:4      | Reached skill level 4 in Long Blades
  3005 | D:4      | Found a radiant altar of Vehumet.
  3509 | D:4      | Found a hazy altar of Hepliaklqana.
  3607 | D:5      | Entered Level 5 of the Dungeon
  3636 | D:5      | Gained mutation: You are partially covered in thin metallic
                  | scales. (AC +2) [demonic ancestry]
  3636 | D:5      | Reached XP level 6. HP: 47/47 MP: 6/6
  3660 | D:5      | Reached skill level 5 in Long Blades
  3855 | D:5      | Gained mutation: A meltable icy envelope protects you from
                  | harm. (AC +8) [demonic ancestry]
  3855 | D:5      | Reached XP level 7. HP: 53/53 MP: 7/7
  4374 | D:6      | Found a staircase to the Ecumenical Temple.
  4432 | D:6      | Reached skill level 6 in Long Blades
  4608 | Temple   | Entered the Ecumenical Temple
  4631 | Temple   | Became a worshipper of Warmaster Okawaru
  4663 | D:6      | Reached skill level 7 in Long Blades
  4663 | D:6      | Gained mutation: You have sharp fingernails. [demonic
                  | ancestry]
  4663 | D:6      | Reached XP level 8. HP: 60/60 MP: 8/8
  4674 | D:6      | Found a glowing drain.
  4707 | Sewer    | Entered a sewer
  4810 | Sewer    | Noticed Pargi
  4844 | Sewer    | Killed Pargi
  4968 | D:6      | Noticed Grinder
  5008 | D:6      | Killed Grinder
  5008 | D:6      | Reached * piety under Okawaru
  5212 | D:6      | Reached skill level 8 in Long Blades
  5422 | D:7      | Reached skill level 5 in Shields
  5955 | D:7      | Found Gecon Aka's Assorted Antiques.
  5960 | D:7      | Bought a glowing buckler for 202 gold pieces
  6379 | D:8      | Mangled by a chaos spawn

Illustrated notes

Levels and vault maps discovered:
D:1:      dpeg_arrival_rhombi, layout_basic
D:2:      layout_loops_ring, shapermc_ecumenical_altar_hornbeckon, basic_altar,
          minmay_tetromino_l2
D:3:      layout_basic, roderic_nine_men_s_morris, hex_tiny, uniq_terence,
          uniq_jessica, uniq_robin
D:4:      layout_cave_pods, nicolae_vehumet_altar_sigil, lemuel_round_altar
D:5:      layout_loops_ring
D:6:      layout_cave_pools, nicolae_elyvilon_temple_path,
          minmay_temple_entry_grid, portal_sewer_entry_a, uniq_grinder
D:7:      layout_basic, old_standard_altar, serial_shops, shop,
          serial_bayou_lagoon_b
D:8:      minmay_flawed_box, layout_basic, minmay_guarded_unrand_variability
Temple:   nicolae_temple_two_arcs

Skill      XL: |  1  2  3  4  5  6  7  8 |
---------------+-------------------------+-----
Long Blades    | 2 3 4 5 7 8 |  8.4
Armour         | 3 4 |  4.2
Shields        | 3 4 5 |  5.3
Fighting       | 4 |  4.5

Action                     |  1- 3 |  4- 6 |  7- 9 || total
---------------------------+-------+-------+-------++-------
  Melee: Long sword        |   155 |   242 |   345 ||   742
         Falchion          |       |       |    21 ||    21
    Use: Potion            |       |       |     1 ||     1
 Armour: Scale mail        |    87 |    39 |   338 ||   464
         Chain mail        |    30 |   121 |       ||   151
  Dodge: Dodged            |    57 |   106 |   299 ||   462
  Block: Buckler           |    73 |   101 |   224 ||   398

Table legend: (Time is in decaauts)
 A = Elapsed time spent in this place.
 B = Non-inter-level travel time spent in this place.
 C = Inter-level travel time spent in this place.
 D = Time resting spent in this place.
 E = Time spent auto-exploring this place.
 F = Levels seen in this place.
 G = Mean time per level.
                   A        B        C        D        E       F      G
               +--------+--------+--------+--------+--------+-----+--------+
         Total |   6529 |   6262 |    267 |    603 |   3982 |  10 |  652.9 |
       Dungeon |   6311 |   6044 |    267 |    603 |   3873 |   8 |  788.9 |
        Temple |     31 |     31 |      0 |      0 |      0 |   1 |   31.0 |
         Sewer |    186 |    186 |      0 |      0 |    109 |   1 |  186.0 |
               +--------+--------+--------+--------+--------+-----+--------+

Top non-repeatable levels by time:
     D:2: 1097 daAuts
     D:1: 985 daAuts
     D:7: 870 daAuts
     D:3: 834 daAuts
     D:5: 817 daAuts
     D:4: 795 daAuts
     D:6: 712 daAuts
     D:8: 198 daAuts
   Sewer: 186 daAuts
  Temple: 31 daAuts
